cohdb
Replays
Latest Replays
All Replays
Popular Replays
Top Player Replays
Match Explorer
How It Works
Community
CoH3 Stats
Reddit
Sign in to upload your games and track your stats! →
Sign in with Steam
Match 45568363
Unlisted
Match 45568363
Overview
Messages
Build Orders
End
Kettenkrad Recon Vehicle
Construct Infanterie Kompanie
MG 42 Machine Gun Team
Selects Breakthrough Battlegroup
Selects Assault Grenadiers
Grenadier Squad
Grenadier Squad
Construct Panzergrenadier Kompanie
251 Medium Carrier
Selects Rapid Production
MG 42 Bunker
Support Elements
Grenadier Squad
Pak 40 Anti-tank Gun Team
Selects Blitzkrieg
Nebelwerfer 42 Rocket Launcher Team
StuG III G Assault Gun
Nebelwerfer 42 Rocket Launcher Team
Selects Panzer IV Command Tank Sd.Kfz. 161/1
Panzer IV Command Tank
StuG III G Assault Gun
Selects Smoke Bombing Run
Kettenkrad Recon Vehicle
Selects Mechanized Assault Group
Panzer IV Command Tank
Kettenkrad Recon Vehicle
Side Skirts
Pioneer Squad
Mechanized Assault Group
Ukeysun
歪咔曲啃(绝地逃兵)
대포동미사일
vincent
Este-El-Beste
[TMI ] Marea
dalidalia
撸啊撸么么叁
0
0
Comments
sign in to comment!
No comments posted yet!